[Event "fics rated crazyhouse match"]
[Site "fics, Oklahoma City, OK USA"]
[Date "2000.02.14"]
[White "Ebenfelt"]
[WhiteElo "2274"]
[Black "XXNoWay"]
[BlackElo "2335"]
[TimeControl "60+0"]
[Result "1-0"]

1. e4 e6 2. Bc4 Nf6 3. e5 Nd5 4. Bxd5 exd5 5. d4 Nc6 6. Nf3 
d6 7. O-O Bg4 8. Re1 Be7 9. exd6 cxd6 10. P@e6 fxe6 11. N@g5 B@h5 
12. Nxe6 Bxe6 13. Rxe6 P@f7 14. Re1 P@e4 15. P@e6 fxe6 16. B@e2 exf3 17. Bxf3 
Bxf3 18. Qxf3 N@g5 19. Bxg5 Bxg5 20. B@f7+ Kf8 21. Bxe6+ B@f6 22. N@d7+ Ke7 
23. Nxf6 Bxf6 24. Bxd5+ P@e5 25. Bxc6 N@g5 26. N@d5+ Kf7 27. Qf5 B@e6 28. Qxe6+ 
Nxe6 29. B@f5 N@g5 30. Bxe6+ Nxe6 31. P@f5 B@g4 32. fxe6+ Bxe6 33. P@f5 Bxf5 
34. N@c7 Q@a5 35. B@c3 P@b4 36. Nxa8 Qdc7 37. P@e6+ Bxe6 38. Naxc7 
{XXNoWay forfeits on time} 1-0

[Event "fics rated crazyhouse match"]
[Site "fics, Oklahoma City, OK USA"]
[Date "2000.02.14"]
[White "XXNoWay"]
[WhiteElo "2326"]
[Black "Ebenfelt"]
[BlackElo "2283"]
[TimeControl "60+0"]
[Result "0-1"]

1. e4 e5 2. Nc3 Bc5 3. Nf3 Nc6 4. Bc4 Nf6 5. Ng5 O-O 6. O-O 
d6 7. d3 Bg4 8. Qe1 Nd4 9. Be3 Nxc2 10. Qd2 Nxa1 11. Rxa1 P@d4 
12. Nxf7 Rxf7 13. Bxf7+ Kxf7 14. N@g5+ Kg8 15. P@f7+ Kh8 16. R@g8+ Nxg8 17. fxg8=Q+ 
Kxg8 18. Bxd4 P@f7 19. Bxc5 dxc5 20. B@h4 B@f4 21. Nxf7 Qxh4 22. P@g3 Bxd2 
23. gxh4 N@h3+ 24. gxh3 R@h1+ 25. Kxh1 B@g2+ 26. Kxg2 Q@f3+ 27. Kf1 R@h1+ 28. R@g1 
Bxh3+ 29. P@g2 Bxg2# 
{XXNoWay checkmated} 0-1

[Event "fics rated crazyhouse match"]
[Site "fics, Oklahoma City, OK USA"]
[Date "2000.02.14"]
[White "Ebenfelt"]
[WhiteElo "2292"]
[Black "XXNoWay"]
[BlackElo "2317"]
[TimeControl "60+0"]
[Result "1-0"]

1. e4 d6 2. d4 Nf6 3. Nc3 Bg4 4. Nf3 Nc6 5. Be2 Bxf3 6. Bxf3 
e5 7. d5 Nd4 8. Be3 Nxf3+ 9. gxf3 N@g2+ 10. Ke2 Nxe3 11. fxe3 B@h5 
12. B@g2 Be7 13. N@f5 Rg8 14. Rg1 B@g6 15. N@g3 Bxf5 16. exf5 Bxf3+ 17. Bxf3 
P@g4 18. Bg2 N@f3 19. Rf1 Nxh2 20. Rh1 P@f3+ 21. Kd2 fxg2 22. Rxh2 B@f3 
23. B@e2 Bxe2 24. Ngxe2 B@f3 25. B@e6 fxe6 26. fxe6 Rh8 27. P@f7+ Kf8 28. N@g6+ 
hxg6 29. Rxh8+ B@g8 30. fxg8=Q+ Nxg8 31. B@f7 N@f6 32. Bxg8 Nxg8 33. Rxg8+ Kxg8 
34. B@f7+ Kh8 35. R@g8+ Qxg8 36. Bxg8 R@d4+ 37. Nxd4 B@h7 38. N@f7+ Kxg8 39. N@h6# 
{XXNoWay forfeits on time} 1-0

[Event "fics rated crazyhouse match"]
[Site "fics, Oklahoma City, OK USA"]
[Date "2000.02.14"]
[White "XXNoWay"]
[WhiteElo "2308"]
[Black "Ebenfelt"]
[BlackElo "2301"]
[TimeControl "60+0"]
[Result "1-0"]

1. e4 e5 2. Nc3 Bc5 3. Nf3 Nf6 4. Bc4 d6 5. O-O O-O 6. d3 
Bg4 7. Bg5 Nc6 8. Bxf6 Qxf6 9. Nd5 Qh6 10. N@f5 Bxf5 11. exf5 N@d4 
12. Nxd4 Nxd4 13. N@g4 N@e2+ 14. Kh1 Qh4 15. B@g3 Nxg3+ 16. fxg3 Qg5 17. h4 
Qxh4+ 18. gxh4 P@e2 19. N@h6+ gxh6 20. Nxh6+ Kh8 21. P@g7+ Kxg7 22. Q@f6# 
{Ebenfelt checkmated} 1-0

[Event "fics rated crazyhouse match"]
[Site "fics, Oklahoma City, OK USA"]
[Date "2000.02.14"]
[White "Ebenfelt"]
[WhiteElo "2293"]
[Black "XXNoWay"]
[BlackElo "2316"]
[TimeControl "60+0"]
[Result "0-1"]

1. e4 Nc6 2. d4 e5 3. dxe5 Nxe5 4. P@d4 Ng6 5. Nf3 d6 6. Bc4 
P@e6 7. O-O Be7 8. Nc3 Nf6 9. Re1 d5 10. exd5 exd5 11. Bb5+ P@c6 
12. P@g5 Ne4 13. Nxe4 dxe4 14. Rxe4 cxb5 15. P@f6 B@d5 16. fxg7 Bxe4 17. gxh8=Q+ 
Nxh8 18. R@g8+ R@f8 19. Rxf8+ Kxf8 20. P@g7+ Kxg7 21. N@h5+ Kf8 22. g6 Bxg6 
23. Bh6+ Ke8 24. Nf6+ Bxf6 25. R@f8+ Kd7 26. Rxd8+ Kxd8 27. Ne5 R@d6 28. Q@f8+ 
R@e8 29. Nxf7+ Bxf7 30. P@e7+ Bxe7 31. Qg7 N@f5 32. Qxh7 Nxh6 33. Qxh6 B@g5 
34. Qxg5 Bxg5 35. B@g3 P@e3 36. P@e7+ Bxe7 37. fxe3 P@f2+ 38. Bxf2 N@g5 39. N@f4 
N@h3+ 40. gxh3 P@f3 41. Qf1 Q@g2+ 42. Nxg2 Nxh3+ 43. Kh1 fxg2+ 44. Qxg2 P@f4 
{Ebenfelt forfeits on time} 0-1

[Event "fics rated crazyhouse match"]
[Site "fics, Oklahoma City, OK USA"]
[Date "2000.02.14"]
[White "XXNoWay"]
[WhiteElo "2323"]
[Black "Ebenfelt"]
[BlackElo "2286"]
[TimeControl "60+0"]
[Result "0-1"]

1. e4 e5 2. Nc3 Bc5 3. Nf3 Nf6 4. Bc4 Ng4 5. O-O O-O 6. d3 
d6 7. Bg5 Qe8 8. Nxe5 dxe5 9. P@e7 Bxe7 10. Bxe7 Qxe7 11. B@h3 Qh4 
12. Bxg4 Bxg4 13. f3 P@g3 14. hxg3 B@h2+ 15. Kf2 Bxg3+ 16. Ke2 Bf4 17. P@e3 
N@g3+ 18. Kd2 Bxe3+ 19. Kxe3 B@f4+ 20. Kf2 Nh1+ 21. Ke2 Ng3+ 22. Ke1 P@e3 
23. N@f5 Nxf1+ 24. Nxh4 P@f2+ 25. Kxf1 R@g1+ 26. Ke2 Rxd1 27. Rxd1 f1=Q# 
{XXNoWay resigns} 0-1

[Event "fics rated crazyhouse match"]
[Site "fics, Oklahoma City, OK USA"]
[Date "2000.02.14"]
[White "XXNoWay"]
[WhiteElo "2322"]
[Black "Ebenfelt"]
[BlackElo "2287"]
[TimeControl "60+0"]
[Result "0-1"]

1. e4 e5 2. Nc3 Nf6 3. Bc4 Bc5 4. Nf3 O-O 5. O-O d6 6. h3 
Bxh3 7. gxh3 Nc6 8. d3 Nd4 9. Bg5 Nxf3+ 10. Qxf3 N@d4 11. Qg2 P@f3 
12. Qg3 Ne2+ 13. Nxe2 fxe2 14. Bxf6 Qxf6 15. N@h5 exf1=Q+ 16. Rxf1 N@e2+ 17. Kh2 
Nxg3 18. Nxf6+ Kh8 19. fxg3 B@g1+ 20. Kg2 R@h2+ 21. Kf3 Q@e3+ 22. Kg4 Rg2 
23. B@h4 Bh2 24. Bg5 Rxg3# 
{XXNoWay resigns} 0-1

[Event "fics rated crazyhouse match"]
[Site "fics, Oklahoma City, OK USA"]
[Date "2000.02.14"]
[White "Ebenfelt"]
[WhiteElo "2296"]
[Black "XXNoWay"]
[BlackElo "2313"]
[TimeControl "60+0"]
[Result "0-1"]

1. e4 e6 2. Nc3 Nc6 3. d4 Nf6 4. Nf3 d5 5. exd5 exd5 6. Bb5 
P@e4 7. Ne5 Bd7 8. Bxc6 bxc6 9. Nxf7 Kxf7 10. N@e5+ Ke7 11. P@e6 Bxe6 
12. Nxc6+ Ke8 13. Nxd8 Rxd8 14. P@c6 N@h4 15. Rg1 N@f3+ 16. gxf3 Nxf3+ 17. Qxf3 
exf3 18. P@d7+ Nxd7 19. cxd7+ Bxd7 20. Bg5 B@b4 21. N@e5 Bxc3+ 22. bxc3 Q@e2# 
{Ebenfelt checkmated} 0-1

[Event "fics rated crazyhouse match"]
[Site "fics, Oklahoma City, OK USA"]
[Date "2000.02.14"]
[White "XXNoWay"]
[WhiteElo "2321"]
[Black "Ebenfelt"]
[BlackElo "2288"]
[TimeControl "60+0"]
[Result "1-0"]

1. e4 e5 2. Nc3 Bc5 3. Nf3 Nf6 4. Bc4 O-O 5. O-O d6 6. h3 
Bxh3 7. gxh3 Nc6 8. d3 P@g3 9. B@h4 gxf2+ 10. Kh1 Nh5 11. Bxd8 Ng3+ 
12. Kg2 Nxf1 13. Qxf1 R@g1+ 14. Nxg1 fxg1=Q+ 15. Qxg1 N@h4+ 16. Bxh4 Bxg1 17. N@h6+ 
Kh8 18. R@g8+ Rxg8 19. Nxf7# 
{Ebenfelt checkmated} 1-0

[Event "fics rated crazyhouse match"]
[Site "fics, Oklahoma City, OK USA"]
[Date "2000.02.14"]
[White "jtp"]
[WhiteElo "2305"]
[Black "venomous"]
[BlackElo "2385"]
[TimeControl "60+0"]
[Result "0-1"]

1. e4 e6 2. Nc3 Nc6 3. d3 Bb4 4. Bd2 d5 5. exd5 exd5 6. Qe2+ 
P@e6 7. Nf3 d4 8. Ne4 Bxd2+ 9. Qxd2 B@a5 10. c3 dxc3 11. bxc3 P@d5 
12. Neg5 d4 13. B@b2 Nh6 14. P@b4 dxc3 15. Bxc3 P@d4 16. bxa5 dxc3 17. Qxc3 
B@b4 18. Qxb4 Nxb4 19. B@a4+ Bd7 20. Bxd7+ Qxd7 21. B@b3 Q@c3+ 22. Ke2 Qcxd3+ 
23. Ke1 Qc3+ 24. P@d2 Qxa1+ 25. B@d1 P@c2 
{jtp resigns} 0-1

[Event "fics rated crazyhouse match"]
[Site "fics, Oklahoma City, OK USA"]
[Date "2000.02.14"]
[White "venomous"]
[WhiteElo "2391"]
[Black "jtp"]
[BlackElo "2299"]
[TimeControl "60+0"]
[Result "1-0"]

1. e4 Nf6 2. Nc3 d5 3. exd5 Nxd5 4. Bc4 e6 5. Nh3 Nc6 6. O-O 
Nd4 7. Bxd5 exd5 8. Nf4 P@e6 9. P@e3 Nf5 10. d4 Bd6 11. N@e5 B@h6 
12. e4 Ne7 13. Nh5 dxe4 14. Bxh6 Bxe5 15. dxe5 Qxd1 16. Nxg7+ Kd8 17. Raxd1+ 
P@d5 18. P@d6 cxd6 19. exd6 Q@g6 20. Q@c7# 
{jtp checkmated} 1-0

[Event "fics rated crazyhouse match"]
[Site "fics, Oklahoma City, OK USA"]
[Date "2000.02.14"]
[White "jtp"]
[WhiteElo "2293"]
[Black "venomous"]
[BlackElo "2397"]
[TimeControl "60+0"]
[Result "0-1"]

1. e4 e6 2. Nc3 Nc6 3. Nf3 Bb4 4. Bb5 Nf6 5. e5 Nd5 6. Bxc6 
dxc6 7. N@h5 Rg8 8. Nxd5 exd5 9. N@f6+ gxf6 10. Nxf6+ Qxf6 11. exf6 N@f4 
12. Q@e5+ N@e6 13. Rg1 B@d6 14. Qe3 N@f5 15. Qb3 Nxg2+ 16. Rxg2 Rxg2 17. c3 
Bbc5 18. d4 R@h1+ 19. Ke2 P@e4 20. Ne5 Rxd1 21. Qxd1 Bxe5 22. dxc5 N@f4+ 
23. Ke1 Rg1+ 24. B@f1 Bxf6 
{jtp forfeits on time} 0-1

[Event "fics rated crazyhouse match"]
[Site "fics, Oklahoma City, OK USA"]
[Date "2000.02.14"]
[White "venomous"]
[WhiteElo "2403"]
[Black "jtp"]
[BlackElo "2287"]
[TimeControl "60+0"]
[Result "1-0"]

1. e4 Nf6 2. Nc3 d5 3. exd5 Nxd5 4. Bc4 e6 5. Nh3 Nc6 6. O-O 
Be7 7. d4 Nxc3 8. bxc3 P@b4 9. N@h5 Rg8 10. Bd3 N@f5 11. Bxf5 exf5 
12. d5 Ne5 13. P@e6 fxe6 14. dxe6 Bxe6 15. Qxd8+ Rxd8 16. Q@b5+ Nc6 17. P@f6 
gxf6 18. N@g7+ Rxg7 19. Nxg7+ Kf7 20. Nxe6 Kxe6 21. Re1+ B@e5 22. Qxb7 Q@d5 
23. B@f3 P@e4 24. c4 Qd7 25. P@d5+ Kf7 26. dxc6 Qe8 27. N@h6+ Kg6 28. Nxf5 
exf3 29. Nh4+ Kf7 30. Nxf3 N@f4 31. Nxe5+ fxe5 32. Bxf4 exf4 33. B@e6+ Kg7 
34. N@f5+ Kg6 35. Nxf4+ Kf6 36. P@e5+ Kg5 37. R@g3+ P@g4 38. P@h4+ Kxf4 39. P@e3+ 
Kxe5 40. f4+ Kf6 41. Nxe7 Qxe7 42. Rxg4 Qxe6 43. Rg6+ Kf7 44. B@g8# 
{jtp forfeits on time} 1-0

[Event "fics rated crazyhouse match"]
[Site "fics, Oklahoma City, OK USA"]
[Date "2000.02.14"]
[White "jtp"]
[WhiteElo "2282"]
[Black "venomous"]
[BlackElo "2408"]
[TimeControl "180+0"]
[Result "0-1"]

1. e4 e6 2. Nc3 Nc6 3. Nf3 Bb4 4. Bb5 Nf6 5. e5 Ng4 6. d4 
Bxc3+ 7. bxc3 N@e4 8. Bxc6 dxc6 9. N@h5 B@f8 10. B@h4 Ngxf2 11. Bxf2 Nxc3 
12. Qd3 Nd5 13. Bg5 P@e7 14. Bfh4 P@f6 15. exf6 exf6 16. Bxf6 Nxf6 17. Bxf6 
Qxf6 18. Nxf6+ gxf6 19. N@h5 P@g7 20. P@h6 B@g6 21. hxg7 Bxg7 22. Nxg7+ Kd8 
23. B@b4 P@d6 24. P@e4 N@f4 25. Qd2 B@e3 26. Qxe3 Nxg2+ 27. Ke2 Nxe3 28. Kxe3 
Q@h6+ 29. B@f4 Qxg7 30. Bbxd6 N@c4+ 31. Ke2 Nxd6 32. Bxd6 B@b5+ 33. P@d3 cxd6 
34. N@c3 B@g2 35. N@d2 Bxf3+ 36. Nxf3 N@f4+ 37. Kd2 P@g2 38. Rhe1 Bh5 39. B@d1 
Bxf3 40. Bxf3 N@f1+ 41. Rxf1 gxf1=N+ 42. Rxf1 R@g2+ 43. P@f2 Bd7 44. B@e3 Nxd3 
45. cxd3 Rxh2 46. P@c5 P@c7 47. cxd6 cxd6 48. Bf4 P@c7 49. Bxh2 P@b4 50. Ne2 
Qh6+ 51. Bf4 Qg7 52. P@h6 Qf8 53. R@g7 Qe7 54. Rfg1 Bxd3 55. Rg8+ Rxg8 
56. Rxg8+ R@e8 57. Rxe8+ Bxe8 58. Kxd3 P@c3 59. R@g8 R@d1+ 60. Kc2 Ra1 61. R@h8 
Rxa2+ 62. Kc1 P@b2+ 63. Kc2 b1=Q+ 64. Kxb1 Rb2+ 65. Kc1 Kd7 66. N@f8+ Qxf8 
67. Rxf8 N@b3+ 68. Kd1 c2# 
{jtp forfeits on time} 0-1

[Event "fics rated crazyhouse match"]
[Site "fics, Oklahoma City, OK USA"]
[Date "2000.02.14"]
[White "venomous"]
[WhiteElo "2413"]
[Black "jtp"]
[BlackElo "2277"]
[TimeControl "180+0"]
[Result "0-1"]

1. e4 Nf6 2. Nc3 d5 3. exd5 Nxd5 4. Bc4 e6 5. Nh3 Nc6 6. O-O 
Nf6 7. d3 Be7 8. Bf4 a6 9. Re1 Nd4 10. Be5 Rg8 11. Bxd4 Qxd4 
12. P@g5 B@g4 13. gxf6 gxf6 14. Qxg4 Qxg4 15. B@g3 P@f3 16. gxf3 Qxh3 17. P@g2 
Qxg2+ 18. Kxg2 N@f4# 
{venomous resigns} 0-1

[Event "fics rated crazyhouse match"]
[Site "fics, Oklahoma City, OK USA"]
[Date "2000.02.14"]
[White "jtp"]
[WhiteElo "2288"]
[Black "venomous"]
[BlackElo "2402"]
[TimeControl "180+0"]
[Result "0-1"]

1. e4 e6 2. d4 Nc6 3. Nf3 Nf6 4. e5 Nd5 5. Bd3 d6 6. exd6 
cxd6 7. Nc3 Nxc3 8. bxc3 N@d5 9. Bd2 Bd7 10. Rb1 Rb8 11. c4 Nf6 
12. P@e5 Nxd4 13. Nxd4 dxe5 14. Nf3 e4 15. Bf4 P@d6 16. Bxe4 Nxe4 17. O-O 
P@g5 18. Bxd6 Bxd6 19. P@e5 Bc5 20. N@h5 B@f8 21. P@f6 Rg8 22. fxg7 Bxg7 
23. Qd3 B@g6 24. Nxg7+ Rxg7 25. Qxe4 Bxe4 26. N@f6+ Qxf6 27. exf6 Bxf3 28. N@c7+ 
Kd8 29. B@e7+ Kxc7 30. P@d6+ Bxd6 31. Bxd6+ Kxd6 32. c5+ Ke5 33. B@a1+ Kf5 
34. Q@h3+ B@g4 35. fxg7 N@e2+ 36. Kh1 Bxh3 37. R@f6+ Ke4 38. gxf3+ Kd5 39. Rfd1+ 
P@d4 40. B@e4+ Kxc5 41. Bxd4+ Nxd4 42. f4 P@g2+ 43. Bxg2 Bxg2+ 44. Kxg2 Q@f3+ 
45. Kf1 Q@h1+ 46. B@g1 B@g2+ 47. Ke1 Qxg1+ 48. Kd2 B@c3# 
{jtp forfeits on time} 0-1

[Event "fics rated crazyhouse match"]
[Site "fics, Oklahoma City, OK USA"]
[Date "2000.02.14"]
[White "venomous"]
[WhiteElo "2407"]
[Black "jtp"]
[BlackElo "2283"]
[TimeControl "180+0"]
[Result "1-0"]

1. e4 Nf6 2. Nc3 d5 3. exd5 Nxd5 4. Bc4 e6 5. Nh3 Nf6 6. O-O 
Qd4 7. Bb5+ c6 8. P@e3 Qh4 9. Be2 e5 10. d4 Bxh3 11. gxh3 Qxh3 
12. B@g2 Qxg2+ 13. Kxg2 N@h4+ 14. Kh3 g5 15. Q@c8+ B@d8 16. dxe5 Nfd7 17. e4 
Be7 18. P@f6 h5 19. Bxg5 P@g4+ 20. Kxh4 Nxe5 21. N@g7+ Kf8 22. Qcxd8# 
{jtp resigns} 1-0

[Event "fics rated crazyhouse match"]
[Site "fics, Oklahoma City, OK USA"]
[Date "2000.02.14"]
[White "jtp"]
[WhiteElo "2278"]
[Black "venomous"]
[BlackElo "2412"]
[TimeControl "180+0"]
[Result "0-1"]

1. e4 e6 2. Nc3 Nc6 3. Nf3 Bb4 4. Bb5 Nf6 5. d3 d5 6. exd5 
Nxd5 7. Bd2 Bxc3 8. bxc3 O-O 9. Bxc6 bxc6 10. P@h6 gxh6 11. Bxh6 N@f5 
12. Bxf8 Qxf8 13. P@e4 B@g7 14. B@d2 Nxc3 15. exf5 Nxd1 16. Rxd1 exf5 17. N@h5 
B@b2 18. N@c4 P@e2 19. Kxe2 P@g4 20. Ng5 Q@e7+ 21. P@e4 fxe4 22. Nxe4 P@f3+ 
23. gxf3 gxf3+ 24. Kxf3 Bg4+ 25. Kxg4 f5+ 26. Kg3 fxe4 27. R@f4 N@e2+ 28. Kg2 
P@f3+ 29. Kh3 Nxf4+ 30. Nxf4 R@h4+ 31. Kg3 Rxf4 32. Bxf4 N@e2# 
{jtp resigns} 0-1

[Event "fics rated crazyhouse match"]
[Site "fics, Oklahoma City, OK USA"]
[Date "2000.02.14"]
[White "venomous"]
[WhiteElo "2417"]
[Black "jtp"]
[BlackElo "2273"]
[TimeControl "180+0"]
[Result "1-0"]

1. e4 Nc6 2. Nf3 Nf6 3. Nc3 d5 4. exd5 Nxd5 5. Bc4 e6 6. O-O 
Be7 7. d4 Nxc3 8. bxc3 P@g4 9. N@h5 Rg8 10. Nd2 e5 11. P@e6 fxe6 
12. Qxg4 P@f5 13. Nxg7+ Kf8 14. Qh5 Rxg7 15. P@h6 Rg6 16. P@g7+ Kf7 17. Qxf5+ 
Bf6 18. Ne4 N@h4 19. Ng5+ Ke7 20. Qxg6 
{jtp resigns} 1-0

[Event "fics rated crazyhouse match"]
[Site "fics, Oklahoma City, OK USA"]
[Date "2000.02.14"]
[White "DrWaggles"]
[WhiteElo "2009"]
[Black "LSS"]
[BlackElo "2546"]
[TimeControl "180+0"]
[Result "0-1"]

1. e4 e6 2. Nc3 d5 3. d4 Bb4 4. exd5 exd5 5. Nf3 Qe7+ 6. P@e5 
Nc6 7. Bd2 Bxc3 8. bxc3 N@e4 9. Bd3 Nxf2 10. Kxf2 P@e4 11. Bg5 f6 
12. exf6 gxf6 13. P@g7 Qxg7 14. B@h6 Nxh6 15. Bxh6 Qxh6 16. Be2 B@e3+ 17. Kf1 
P@h3 18. N@h4 hxg2+ 19. Nxg2 P@h3 20. Qb1 hxg2+ 21. Kxg2 B@h3+ 22. Kg3 Qf4# 
{DrWaggles checkmated} 0-1

[Event "fics rated crazyhouse match"]
[Site "fics, Oklahoma City, OK USA"]
[Date "2001.02.14"]
[White "JKiller"]
[WhiteElo "2429"]
[Black "spurs"]
[BlackElo "2329"]
[TimeControl "60+0"]
[Result "1-0"]

1. e4 e6 2. d4 d5 3. exd5 exd5 4. Nc3 Bb4 5. Bb5+ P@c6 6. Qe2+ 
Ne7 7. Bd3 Be6 8. Nf3 Bxc3+ 9. bxc3 Nd7 10. Ng5 N@f8 11. Nxe6 Nxe6 
12. B@h3 N@f4 13. Bxf4 Nxf4 14. Qg4 Nxd3+ 15. cxd3 B@f5 16. Qxg7 B@f6 17. Qg3 
Rg8 18. P@g4 Bxd3 19. Qxd3 P@e4 20. Qd2 Bg5 21. P@f4 Bh4 22. B@g5 Bxg5 
23. fxg5 Ng6 24. N@h6 B@f4 25. B@e3 Bxe3 26. fxe3 Rf8 27. B@f4 Qe7 28. O-O 
Nxf4 29. exf4 e3 30. Qe2 B@f2+ 31. Kh1 B@e4 32. N@f5 Bxf5 33. Nxf5 N@g3+ 
34. hxg3 Bxg3 35. Nxe7 P@f3 36. Nf5 O-O-O 37. Q@a8+ Nb8 38. N@e7+ Kd7 39. N@c5+ 
Ke8 40. Qxb8 Rxb8 41. N@f6# 
{spurs forfeits on time} 1-0

[Event "fics rated crazyhouse match"]
[Site "fics, Oklahoma City, OK USA"]
[Date "2001.02.14"]
[White "spurs"]
[WhiteElo "2323"]
[Black "JKiller"]
[BlackElo "2435"]
[TimeControl "60+0"]
[Result "1-0"]

1. d4 Nf6 2. Nf3 b6 3. Bg5 Ne4 4. Bh4 Bb7 5. e3 h6 6. Bd3 
g5 7. Bg3 Bg7 8. Ne5 e6 9. Bxe4 Bxe4 10. f3 Bb7 11. Nc3 Nc6 
12. Nxc6 Bxc6 13. N@h5 B@f6 14. Nxf6+ Bxf6 15. B@e5 N@f5 16. N@h5 Bxe5 17. Bxe5 
Rg8 18. Nf6+ Qxf6 19. Bxf6 N@h7 20. Be5 N@h4 21. B@f1 B@f6 22. Bxc7 g4 
23. P@f2 gxf3 24. gxf3 Nxf3+ 25. Qxf3 Bxf3 26. P@e2 Bxh1 27. N@h5 P@g2 28. Nxf6+ 
Nxf6 29. O-O-O gxf1=Q 30. Rxf1 R@a1+ 31. B@b1 P@d2+ 32. Kxd2 N@c4+ 33. Kd3 Nxb2+ 
34. Kd2 P@b4 35. Q@e7+ Kxe7 36. P@d6+ Ke8 37. Kc1 
{JKiller forfeits on time} 1-0

[Event "fics rated crazyhouse match"]
[Site "fics, Oklahoma City, OK USA"]
[Date "2001.02.14"]
[White "JKiller"]
[WhiteElo "2425"]
[Black "spurs"]
[BlackElo "2333"]
[TimeControl "60+0"]
[Result "1-0"]

1. e4 e6 2. d4 d5 3. exd5 exd5 4. Bb5+ P@c6 5. Qe2+ Be7 6. Bd3 
Nf6 7. Nf3 Bg4 8. Nc3 Nbd7 9. P@g5 Bxf3 10. Qxf3 Ne4 11. Bxe4 dxe4 
12. Nxe4 Nb6 13. N@h5 B@f8 14. B@e6 Qxd4 15. Bxf7+ Kd8 16. Be3 Bb4+ 17. P@c3 
Qd7 18. Rd1 P@d5 19. cxb4 Bxb4+ 20. P@c3 N@e5 21. Qg3 Nxf7 22. cxb4 B@d6 
23. Nxd6 cxd6 24. Nxg7 N@e4 25. Qf3 Ne5 26. Qe2 Nxg5 27. B@f6+ P@e7 28. Bfxg5 
P@f6 29. Bgf4 Kc7 30. Bxe5 fxe5 31. P@c5 B@c4 32. cxb6+ axb6 33. B@d3 Rxa2 
34. Bxc4 dxc4 35. Bxb6+ Kxb6 36. B@e3+ Kc7 37. B@b6+ Kb8 38. P@e6 Qc8 39. N@d7+ 
Qxd7 40. exd7 B@c3+ 41. bxc3 P@d2+ 42. Qxd2 B@c7 43. Bxc7+ Kxc7 44. N@e6+ Kxd7 
45. Q@c7# 
{spurs checkmated} 1-0

[Event "fics rated crazyhouse match"]
[Site "fics, Oklahoma City, OK USA"]
[Date "2001.02.14"]
[White "spurs"]
[WhiteElo "2327"]
[Black "JKiller"]
[BlackElo "2431"]
[TimeControl "60+0"]
[Result "0-1"]

1. d4 Nf6 2. Nf3 b6 3. Nc3 Bb7 4. Bg5 Ne4 5. Nxe4 Bxe4 6. e3 
Bb7 7. Ne5 N@e4 8. Qf3 Nxg5 9. Qxb7 B@c6 10. Nxc6 Nxc6 11. B@b3 N@d6 
12. Bfc4 e6 13. Qa6 Nxc4 14. Bxc4 Nb4 15. Qa4 B@c6 16. Qb3 Bxg2 17. O-O-O 
Bxh1 18. Rxh1 R@a1+ 19. B@b1 Nf3 20. B@c3 P@g2 21. Rd1 g1=Q 22. N@f1 Qxf2 
23. Bxb4 Bxb4 24. Qxb4 B@a5 25. N@f6+ Qxf6 26. N@e4 P@d2+ 27. Nfxd2 Nxd2 28. Nxf6+ 
Kd8 29. P@e7+ Kc8 30. Q@f8+ N@e8 31. Ba6+ Kb8 32. Nxe8 Rxb1# 
{spurs checkmated} 0-1

[Event "fics rated crazyhouse match"]
[Site "fics, Oklahoma City, OK USA"]
[Date "2001.02.14"]
[White "JKiller"]
[WhiteElo "2437"]
[Black "spurs"]
[BlackElo "2321"]
[TimeControl "60+0"]
[Result "0-1"]

1. e4 e6 2. d4 d5 3. e5 Ne7 4. Nh3 Nbc6 5. Be2 Ng6 6. O-O 
Be7 7. Nc3 O-O 8. Be3 f6 9. exf6 gxf6 10. Bh5 P@g7 11. Bxg6 hxg6 
12. Nf4 B@h7 13. P@h5 gxh5 14. Qxh5 P@f7 15. Qxh7+ Kxh7 16. B@d3+ f5 17. f3 
Bg5 18. Rae1 Nxd4 19. N@h3 Bf6 20. Bxd4 Bxd4+ 21. Kh1 P@h6 22. Nce2 Bb6 
23. Ng3 B@f6 24. N@h5 Bxb2 25. P@e5 P@f2 26. Rxf2 Bxf2 27. Nxf2 R@g6 28. Nxg6 
fxg6 29. Nxg7 Kxg7 30. P@f6+ Rxf6 31. exf6+ Qxf6 
{JKiller forfeits on time} 0-1

[Event "fics rated crazyhouse match"]
[Site "fics, Oklahoma City, OK USA"]
[Date "2001.02.14"]
[White "spurs"]
[WhiteElo "2332"]
[Black "JKiller"]
[BlackElo "2426"]
[TimeControl "60+0"]
[Result "1-0"]

1. d4 Nf6 2. Nf3 b6 3. Nc3 Bb7 4. Bg5 Ne4 5. Bh4 Nxc3 6. bxc3 
N@e4 7. Qd3 d5 8. N@e5 Nd7 9. Nxf7 Kxf7 10. Qxe4 dxe4 11. Ng5+ Kg6 
12. N@f4+ Kf5 13. e3 Nf6 14. h3 h5 15. P@d3 e5 16. dxe5 exd3 17. Bxd3+ 
P@e4 18. exf6 exd3 19. N@g3+ Kxf6 20. N5e4+ Kf7 21. P@e6+ Kg8 22. P@f7+ Kh7 
23. Ng5+ Qxg5 24. Bxg5 P@d2+ 25. Kxd2 N@c4+ 26. Ke1 Q@d2+ 27. Kf1 Nxe3+ 28. Kg1 
Qxf2+ 29. Kxf2 N@g4+ 30. hxg4 Nxg4+ 31. Ke1 B@f2+ 32. Kd1 P@e2+ 33. Kc1 P@d2+ 
34. Kb2 P@a3+ 35. Kb3 Bd5+ 36. c4 d1=Q 37. Q@g6# 
{JKiller checkmated} 1-0

[Event "fics rated crazyhouse match"]
[Site "fics, Oklahoma City, OK USA"]
[Date "2001.02.14"]
[White "Dopey"]
[WhiteElo "2386"]
[Black "ACC"]
[BlackElo "2215"]
[TimeControl "120+0"]
[Result "1-0"]

1. e4 e6 2. d4 d5 3. exd5 exd5 4. Bb5+ Bd7 5. Qe2+ P@e6 6. P@f5 
Qe7 7. fxe6 fxe6 8. Bg5 P@f6 9. Bxd7+ Nxd7 10. B@a3 B@d6 11. P@f5 Bxa3 
12. fxe6 fxg5 13. exd7+ Kxd7 14. Qxe7+ Nxe7 15. N@e5+ Ke6 16. P@f5+ Kxf5 17. Q@f7+ 
B@f6 18. g4+ Ke4 19. Nxa3 B@b4+ 20. c3 P@d2+ 21. Kxd2 Bxc3+ 22. bxc3 Q@b2+ 
23. B@c2+ P@d3 24. f3+ Kf4 25. Nxd3# 
{ACC checkmated} 1-0

[Event "fics rated crazyhouse match"]
[Site "fics, Oklahoma City, OK USA"]
[Date "2000.02.15"]
[White "Firefly"]
[WhiteElo "2483"]
[Black "Bobfleming"]
[BlackElo "1976"]
[TimeControl "120+0"]
[Result "1-0"]

1. e4 e6 2. Nc3 d5 3. exd5 exd5 4. Nf3 Nf6 5. Bb5+ Bd7 6. Qe2+ 
Be7 7. P@e5 Ng4 8. Bxd7+ Qxd7 9. B@h3 B@f5 10. d3 Nxf2 11. Bxf5 Qxf5 
12. Qxf2 Bb4 13. N@e3 Bxc3+ 14. bxc3 Qh5 15. B@g4 Qg6 16. B@f5 Qb6 17. O-O 
P@b2 18. Nxd5 Qb5 19. Nxc7+ Kd8 20. Nxb5 bxa1=Q 21. Q@c8+ Ke7 22. P@d6# 
{Bobfleming checkmated} 1-0

[Event "fics rated crazyhouse match"]
[Site "fics, Oklahoma City, OK USA"]
[Date "2000.02.15"]
[White "Bobfleming"]
[WhiteElo "1975"]
[Black "Firefly"]
[BlackElo "2484"]
[TimeControl "120+0"]
[Result "0-1"]

1. e4 e6 2. d4 Nc6 3. d5 exd5 4. exd5 Bb4+ 5. c3 Qe7+ 6. Be2 
Bc5 7. dxc6 Bxf2+ 8. Kxf2 bxc6 9. B@g5 Nf6 10. P@f3 d5 11. Bcf4 P@e5 
12. Bxf6 Qxf6 13. N@h5 Qh4+ 14. g3 Qxh5 15. g4 Qh4+ 16. Bg3 Qe7 17. Nd2 
P@f4 18. Nb3 P@e3+ 19. Kg2 fxg3 20. hxg3 N@f2 21. Qc1 B@b6 22. P@d4 exd4 
23. cxd4 Nxh1 24. Kxh1 R@f2 25. N@h4 h5 26. N@h3 hxg4 27. Nxf2 exf2 28. Nh3 
gxh3 29. P@d7+ Bxd7 30. R@e5 P@g2+ 31. Kh2 B@g1# 
{Bobfleming forfeits on time} 0-1

[Event "fics rated crazyhouse match"]
[Site "fics, Oklahoma City, OK USA"]
[Date "2000.02.15"]
[White "valdushka"]
[WhiteElo "2141"]
[Black "LSS"]
[BlackElo "2547"]
[TimeControl "180+0"]
[Result "1-0"]

1. e4 e6 2. d4 d5 3. Nc3 Bb4 4. Bd3 dxe4 5. Bxe4 Nf6 6. Bg5 
P@e7 7. Bxf6 exf6 8. Ne2 f5 9. Bf3 Nd7 10. P@c6 bxc6 11. Bxc6 Rb8 
12. N@e5 O-O 13. Bxd7 Bxd7 14. Nxd7 Qxd7 15. P@h6 B@h8 16. B@c5 B@d6 17. Bxb4 
Rxb4 18. B@e5 f6 19. Bxd6 cxd6 20. d5 exd5 21. Nxd5 Re4 22. B@f3 Re5 
23. hxg7 Bxg7 24. P@e7 B@a5+ 25. c3 Rxe7 26. Nxe7+ Qxe7 27. N@d5 Qf7 28. R@e7 
P@e4 29. Rxf7 Rxf7 30. Bh5 P@g6 31. P@e6 Rf8 32. Bxg6 hxg6 33. P@f7+ Kh7 
34. Nef4 N@e5 35. e7 Rxf7 36. e8=Q B@g8 37. Ne7 N@h6 38. Nxg8 Nxg8 39. Qxe5 
dxe5 40. B@e6 exf4 41. Bxf7 N@h4 42. R@h5+ R@h6 43. Rxh6+ Nxh6 44. Bxg6+ Nxg6 
45. P@h5 N@d3+ 46. Qxd3 exd3 47. hxg6+ Kxg6 48. N@h4+ Kf7 49. Q@g6+ Ke6 50. N@d4+ 
Kd5 51. N@e7+ Kc5 52. R@c6# 
{LSS checkmated} 1-0